Map: Blueshift LE

Players

inSec

  • Race: Zerg Zerg
  • League: Master
  • Spawn Location: 1:00

A.I. 2 (Very Easy) - Winner!

  • Race: Terran Terran
  • Spawn Location: 7:00

VOD

Have the link to the VOD?

Description

Time

  • Played on: Dec. 18, 2018, 6:34 p.m.
  • Length: 9:49
Show
View Real Time Build Order
Export as new Build Order

inSec Zerg 

Build Orders: Hatch First 

Get SALT Encoding   

  12  0:00  Drone  
  13  0:13  Overlord  
  13  0:17  Drone  
  14  0:31  Drone x2  
  16  0:36  Drone  
  17  0:54  Hatchery  
  17  0:56  Drone  
  17  1:00  Drone  
  18  1:07  Drone  
  18  1:10  Extractor  
  18  1:18  Spawning Pool  
  18  1:21  Drone  
  18  1:28  Drone  
  19  1:39  Overlord  
  19  1:50  Drone  
  20  2:01  Drone  
  21  2:06  Queen x2  
  25  2:14  Metabolic Boost  
  26  2:15  Drone x2  
  26  2:16  Drone  
  28  2:37  Hatchery  
  28  2:43  Drone  
  28  2:47  Drone x3  
  31  2:51  Lair  
  31  2:55  Overlord  
  31  3:02  Queen  
  33  3:06  Drone  
  33  3:08  Drone  
  33  3:10  Drone  
  36  3:18  Drone x3  
  36  3:19  Drone  
  40  3:26  Roach Warren  
  39  3:28  Drone  
  39  3:31  Overlord  
  39  3:34  Drone  
  41  3:36  Drone  
  41  3:38  Drone  
  41  3:40  Drone  
  44  3:47  Extractor  
  44  3:48  Extractor  
  42  3:51  Drone x2  
  42  3:52  Drone  
  42  3:53  Drone x3  
  48  4:03  Drone x3  
  48  4:04  Overlord  
  48  4:07  Glial Reconstitution  
  51  4:12  Evolution Chamber, Drone  
  51  4:13  Evolution Chamber, Drone  
  51  4:15  Drone  
  52  4:20  Drone x3  
  52  4:21  Drone  
  56  4:24  Drone  
  56  4:25  Drone  
  56  4:27  Drone  
  56  4:28  Drone  
  56  4:31  Overlord  
  60  4:33  Drone  
  60  4:34  Drone  
  60  4:38  Zerg Missile Weapons Level 1  
  62  4:41  Zerg Ground Armor Level 1  
  62  4:44  Drone x2  
  64  4:46  Overlord  
  64  4:48  Overlord  
  64  4:57  Overlord  
  64  4:58  Roach x4  
  72  5:06  Roach  
  72  5:07  Roach x4  
  82  5:09  Overlord  
  82  5:17  Roach x2  
  86  5:24  Drone  
  88  5:28  Drone x2  
  88  5:29  Extractor, Drone x4  
  88  5:30  Extractor, Drone, Hatchery  
  91  5:36  Queen  
  91  5:38  Roach x3  
  91  5:41  Overlord  
  99  5:45  Roach x2  
  99  5:46  Roach  
  99  5:48  Overlord  
  105  5:50  Overlord  
  105  6:03  Roach x4  
  113  6:06  Overlord x3  
  113  6:07  Overlord  
  113  6:08  Roach  
  113  6:09  Roach  
  119  6:11  Roach  
  119  6:16  Roach x3  
  119  6:17  Roach  
  127  6:25  Roach x3  
  133  6:31  Roach x3  
  139  6:33  Overlord x2  
  139  6:35  Roach x2  
  143  6:43  Roach x4  
  143  6:44  Roach  
  153  6:55  Roach x5  
  153  6:58  Overlord  
  163  7:06  Roach x7  
  179  7:15  Roach  
  179  7:16  Roach  
  179  7:19  Roach x2  
  179  7:21  Overlord  
  185  7:24  Hatchery  
  184  7:42  Roach x8  
  198  7:46  Queen  
  200  8:13  Hydralisk Den  
  200  8:14  Spire  
  200  8:15  Infestation Pit  
  197  8:42  Drone x3  
  200  8:55  Extractor  
  199  9:12  Extractor  
  199  9:13  Drone x2  
  199  9:15  Extractor, Drone  
  200  9:32  Lurker Den  
  200  9:33  Drone  
Show
View Real Time Build Order
Export as new Build Order

A.I. 2 (Very Easy) Terran - Winner!

Build Orders: Reaper Expand 

Get SALT Encoding   

  12  0:00  SCV  
  13  0:13  SCV  
  14  0:18  Supply Depot  
  14  0:42  Barracks  
  14  1:02  Command Center  
  14  1:30  Orbital Command, Supply Depot  
  14  1:31  Marine  
  15  1:35  Refinery  
  15  1:48  Refinery  
  15  1:56  SCV  
  16  2:08  SCV  
  16  2:14  SCV  
  16  2:15  Reaper  
  19  2:21  SCV  
  20  2:28  SCV  
  21  2:36  SCV  
  22  2:43  SCV  
  23  2:48  Refinery  
  23  2:50  SCV  
  24  2:55  Marine  
  24  2:57  SCV  
  26  3:04  SCV  
  27  3:11  SCV  
  28  3:13  Factory  
  28  3:35  Marine  
  28  3:36  Refinery  
  28  3:38  SCV  
  30  3:45  SCV  
  31  3:52  SCV  
  32  3:56  Supply Depot  
  32  3:59  Starport  
  32  4:00  SCV  
  33  4:07  SCV  
  34  4:14  SCV  
  34  4:15  Reaper  
  36  4:21  SCV  
  37  4:28  SCV  
  38  4:35  SCV  
  38  4:37  Starport Tech Lab  
  39  4:39  Supply Depot  
  39  4:43  SCV  
  40  4:47  Barracks Tech Lab  
  40  4:50  SCV  
  41  4:56  Raven  
  41  4:57  SCV  
  44  5:04  SCV  
  44  5:05  Marine  
  46  5:11  SCV  
  47  5:18  SCV  
  48  5:39  Raven  
  50  5:46  Marine  
  51  6:26  Marauder  
  53  7:37  Reaper  
  45  7:52  Supply Depot  
  45  8:01  SCV  
  29  8:06  Viking  
  29  8:13  SCV  
  25  8:25  SCV  
  7  8:36  Viking  
  7  8:38  SCV  
  10  8:45  Supply Depot  
  10  8:50  SCV  
  11  8:58  Command Center  
  11  9:02  SCV  
  12  9:10  Refinery  
  12  9:14  SCV  
  12  9:16  Barracks  
  13  9:22  Supply Depot  
  13  9:26  SCV  
  14  9:38  Refinery  
  15  9:46  Supply Depot  
Tags
 
Add a new tag
Caveats
  • Supply blocks, unpowered buildings, or Contaminate may cause inaccurate times.
  • Supply counts are checked every 10 seconds.